Map: Orbital Shipyard

Players

Bedbug

  • Race: Terran Terran
  • League: Gold

Grumm - Winner!

  • Race: Terran Terran
  • League: Gold

VOD

Have the link to the VOD?

Description

Time

  • Played on: Feb. 11, 2016, 1:27 a.m.
  • Length: 7:10
Show
View Real Time Build Order
Export as new Build Order

Bedbug Terran 

Build Orders: Command Center First (CC), MMM Bio 

Get SALT Encoding   

  12  0:01  SCV  
  13  0:13  SCV  
  14  0:25  SCV  
  15  0:40  Supply Depot  
  15  1:02  SCV  
  16  1:12  Command Center  
  16  1:17  SCV  
  17  1:18  Barracks  
  17  1:32  SCV  
  18  1:41  Barracks  
  18  1:44  SCV  
  18  1:46  Refinery  
  19  2:17  Orbital Command  
  19  2:30  Bunker  
  19  2:32  Marine  
  20  2:37  Orbital Command  
  20  2:38  Refinery  
  20  2:48  Marine  
  20  2:50  Marine  
  20  3:11  Marine  
  20  3:12  Barracks Tech Lab  
  21  3:26  SCV  
  21  3:27  SCV  
  22  3:38  SCV  
  22  3:39  SCV  
  24  3:50  SCV  
  24  3:51  SCV  
  26  4:01  Barracks Tech Lab  
  26  4:02  Factory, SCV  
  27  4:03  SCV  
  28  4:16  Marine  
  29  4:22  Marauder  
  31  4:38  Marine  
  32  4:40  SCV  
  32  4:42  SCV  
  32  4:45  Refinery x2  
  34  4:52  SCV  
  35  4:54  Marine, SCV  
  35  4:56  Marine  
  35  4:57  Combat Shields, Stimpack  
  38  5:12  Ghost Academy  
  38  5:16  Ghost Academy  
  38  5:19  Supply Depot  
  38  5:21  Supply Depot  
  38  5:38  Factory Tech Lab  
  38  5:41  Marine x2, SCV x2  
  42  5:53  SCV x2  
  44  5:58  Ghost x2  
  48  6:05  SCV x2  
  50  6:16  Concussive Shells  
  50  6:17  SCV x2  
Show
View Real Time Build Order
Export as new Build Order

Grumm Terran - Winner!

Build Orders:  

Get SALT Encoding   

  12  0:01  SCV  
  13  0:13  SCV  
  14  0:20  Supply Depot  
  14  0:25  SCV  
  15  0:35  Refinery  
  15  0:45  SCV, Barracks  
  16  0:59  Barracks  
  16  1:02  SCV  
  17  1:15  Refinery, SCV  
  18  1:27  SCV  
  19  1:36  Supply Depot, Reaper  
  19  1:39  SCV  
  21  1:51  SCV  
  22  1:54  Factory  
  22  1:57  Marine  
  23  2:03  SCV  
  24  2:12  Barracks Tech Lab  
  24  2:15  Barracks Tech Lab  
  24  2:20  SCV  
  25  2:32  SCV  
  25  2:35  Stimpack  
  26  2:39  Supply Depot  
  26  2:48  SCV  
  27  3:03  SCV  
  27  3:05  Widow Mine  
  28  3:07  Marine  
  28  3:08  Marauder  
  33  3:13  Starport  
  33  3:34  Marine  
  33  3:37  Marauder  
  33  3:39  Command Center  
  36  3:51  Medivac, Engineering Bay  
  38  3:59  Orbital Command  
  35  4:39  Widow Mine  
  35  4:41  Reaper  
  38  4:50  Marauder  
  40  4:53  Medivac  
  42  5:00  Orbital Command, Refinery  
  42  5:06  Missile Turret  
  42  5:09  Widow Mine  
  42  5:13  Marauder, Marine  
  47  5:27  Starport Tech Lab  
  47  5:29  Missile Turret  
  47  5:32  Marauder, SCV  
  47  5:34  Starport, Marine, SCV  
  52  5:41  Refinery  
  52  5:44  SCV  
  52  5:46  SCV  
  54  6:21  SCV  
Tags
 
Add a new tag
Caveats
  • Supply blocks, unpowered buildings, or Contaminate may cause inaccurate times.
  • Supply counts are checked every 10 seconds.